Map: Echo LE (Void)

Players

Bop

  • Race: Zerg Zerg

Richman - Winner!

  • Race: Terran Terran

VOD

Have the link to the VOD?

Description

Time

  • Played on: May 5, 2015, 4:40 a.m.
  • Length: 4:21
Show
View Real Time Build Order
Export as new Build Order

Bop Zerg 

Build Orders: Hatch First 

Get SALT Encoding   

  12  0:01  Drone  
  13  0:12  Overlord  
  13  0:18  Drone  
  14  0:30  Drone x2  
  14  0:34  Drone  
  17  0:54  Hatchery  
  16  0:57  Drone  
  16  0:59  Drone  
  16  1:04  Extractor  
  17  1:06  Drone  
  18  1:17  Drone  
  19  1:26  Spawning Pool  
  19  1:28  Drone  
  19  1:41  Overlord  
  19  2:06  Drone x3  
  22  2:12  Queen  
  22  2:13  Metabolic Boost  
  22  2:14  Zergling x2  
  27  2:18  Zergling x2  
  27  2:22  Zergling x2  
  28  2:26  Spine Crawler  
  28  2:28  Zergling x2  
  28  2:33  Zergling x2  
  28  2:42  Zergling x2  
  27  2:46  Baneling Nest  
  27  2:47  Zergling x2  
  26  2:52  Zergling x2  
  26  2:57  Queen  
  29  2:58  Overlord  
  29  3:02  Zergling x2  
  30  3:06  Zergling x2  
  31  3:22  Zergling x2  
  31  3:23  Zergling x8  
  35  3:30  Overlord  
  35  3:31  Baneling  
  35  3:32  Baneling x5  
  35  3:41  Zergling x2  
  35  3:53  Zergling x2  
  34  4:02  Zergling x2  
Show
View Real Time Build Order
Export as new Build Order

Richman Terran - Winner!

Build Orders:  

Get SALT Encoding   

  12  0:04  SCV  
  13  0:14  Supply Depot  
  13  0:19  SCV  
  14  0:33  SCV  
  15  0:37  Barracks  
  15  0:52  Barracks  
  15  0:54  SCV  
  16  1:06  SCV  
  18  1:18  SCV  
  18  1:24  Marine  
  19  1:33  Orbital Command  
  19  1:34  Supply Depot  
  19  1:37  Bunker  
  19  1:39  Marine  
  20  1:42  Marine  
  21  1:54  Bunker  
  21  1:57  Marine  
  21  2:00  Bunker, Marine  
  23  2:02  SCV  
  24  2:12  Refinery x2  
  24  2:21  Marine x2  
  24  2:22  SCV  
  27  2:34  SCV  
  28  2:46  SCV  
  29  2:54  Supply Depot  
  29  2:55  Command Center  
  29  2:58  SCV  
  30  3:10  SCV  
  30  3:12  Factory  
  31  3:25  SCV  
  31  3:37  SCV  
  32  3:42  Supply Depot  
  32  3:47  Marine  
  33  3:49  SCV, Marine  
  35  3:55  Starport  
  35  3:56  Starport  
  35  4:01  SCV  
  38  4:06  Bunker  
Tags
 
Add a new tag
Caveats
  • Supply blocks, unpowered buildings, or Contaminate may cause inaccurate times.
  • Supply counts are checked every 10 seconds.